AoeStats
← Tanana

Lombardia

508479214Analyzed
4v4 RM · 10d ago on Sep 22, 2026· 44m 58s· 8 players
Game mode
Random Map
Map size
Large (8 player)
Population
200
Speed
Normal
Resources
Standard
Victory
Conquest
Starting age
Dark Age
Ending age
Imperial Age
RankedLock teamsTeams togetherTeam positionsShared explorationLock speedFull tech treeHidden civsTurbo modeCheats
Victory
Defeat
🇩🇪 Berbers · Germany
1387
+11
🇩🇪 Ethiopians · Germany
1336
+13
🇩🇪 Magyars · Germany
1336
+13
🇩🇪 Koreans · Germany
1334
+13
🇮🇹 Berbers · Italy
1317
-13
🇨🇳 Aztecs · China
1274
-13
🇳🇱 Saxons · Netherlands
1274
-13
🇬🇧 Mongols · United Kingdom
1233
-11
刀他(她)
7:29 Loom
9:58 Feudal Age
11:01 Double-Bit Axe
12:21 Arson
14:27 Horse Collar
23:08 Castle Age
21:18 Gold Mining
22:57 Stone Mining
23:23 Forging
23:13 Scale Mail Armor
24:37 Wheelbarrow
24:07 Squires
23:53 Gambesons
24:23 Bow Saw
24:15 Heavy Plow
24:54 Gold Shaft Mining
27:45 Eagle Warrior
29:03 Iron Casting
28:09 Pikeman
39:03 Imperial Age
36:48 Fortified Wall
38:29 Atlatl
38:37 Elite Skirmisher
39:10 Fletching
39:20 Padded Archer Armor
41:05 Chemistry
40:36 Ballistics
41:16 Conscription
41:31 Bodkin Arrow
41:52 Leather Archer Armor
42:27 Hand Cart
41:57 Town Watch
41:39 Elite Jaguar Warrior
44:26 Elite Genitour
Jac
0:27 Loom
9:50 Feudal Age
13:41 Forging
23:24 Castle Age
21:34 Horse Collar
22:05 Double-Bit Axe
22:16 Gold Mining
23:04 Stone Mining
26:43 Fletching
27:31 Padded Archer Armor
30:18 Ballistics
30:22 Bodkin Arrow
32:49 Leather Archer Armor
35:43 Kasbah
36:41 Stone Shaft Mining
36:42 Gold Shaft Mining
36:22 Heavy Plow
41:25 Imperial Age
40:34 Murder Holes
40:19 Treadmill Crane
40:50 Masonry
40:59 Bow Saw
41:48 Scale Barding Armor
42:18 Iron Casting
42:10 Bracer
42:41 Ring Archer Armor
41:55 Elite Camel Archer
42:56 Conscription
44:35 Wheelbarrow
44:42 Ring Archer Armor
44:14 Maghrebi Camels
TheLegendOfTheSuperheroBunny
11:13 Feudal Age
12:39 Double-Bit Axe
14:55 Castle Age
13:01 Horse Collar
13:46 Loom
14:49 Loom
23:21 Heavy Plow
24:01 Wheelbarrow
24:22 Bow Saw
24:44 Stone Mining
24:51 Gold Mining
26:46 Hand Cart
26:46 Town Watch
27:34 Fletching
28:52 Bodkin Arrow
28:57 Padded Archer Armor
30:52 Ballistics
30:42 Masonry
33:14 Bloodlines
36:00 Imperial Age
34:24 Thumb Ring
35:51 Leather Archer Armor
37:36 Siege Engineers
38:32 Chemistry
38:55 Bracer
39:45 Conscription
39:57 Elite Mangudai
41:19 Capped Ram
42:30 Scale Barding Armor
42:35 Forging
42:14 Siege Ram
42:47 Light Cavalry
43:29 Husbandry
44:09 Hussar
45:13 Chain Barding Armor
45:28 Iron Casting
Brandon
6:35 Loom
11:51 Feudal Age
16:01 Castle Age
14:17 Double-Bit Axe
16:50 Squires
16:42 Gambesons
17:26 Bow Saw
19:24 Horse Collar
26:37 Wheelbarrow
25:48 Town Watch
27:01 Gold Mining
27:09 Stone Mining
28:49 Scale Mail Armor
28:59 Forging
30:36 Chain Mail Armor
34:31 Imperial Age
34:07 Iron Casting
33:33 Arson
35:23 Hand Cart
36:00 Conscription
36:32 Elite Hearth Troop
38:17 Plate Mail Armor
37:38 Fletching
37:49 Padded Archer Armor
37:55 Scale Barding Armor
37:41 Shield Wall
37:53 Elite Varangian Guard
43:03 Chemistry
42:16 Masonry
I still hate Goths
6:00 Loom
8:50 Feudal Age
9:37 Double-Bit Axe
14:26 Horse Collar
22:00 Castle Age
20:31 Scale Barding Armor
21:03 Bloodlines
21:30 Gold Mining
23:02 Chain Barding Armor
22:44 Husbandry
23:55 Wheelbarrow
31:04 Bow Saw
36:19 Imperial Age
36:23 Cavalier
37:31 Fletching
38:19 Plate Barding Armor
37:35 Fletching
38:17 Conscription
37:47 Light Cavalry
40:00 Paladin
42:20 Caravan
Tanana
8:21 Loom
11:16 Feudal Age
15:10 Castle Age
13:50 Double-Bit Axe
14:14 Horse Collar
18:27 Bow Saw
17:57 Crossbowman
19:40 Fletching
24:29 Wheelbarrow
25:00 Bodkin Arrow
26:10 Thumb Ring
28:28 Ballistics
28:45 Padded Archer Armor
29:57 Leather Archer Armor
29:54 Heavy Plow
30:44 Gold Mining
30:46 Stone Mining
36:29 Imperial Age
37:04 Arbalester
37:45 Bracer
38:47 Chemistry
40:06 Ring Archer Armor
Fürst Zono
2:55 Loom
5:30 Loom
9:03 Feudal Age
9:59 Double-Bit Axe
20:21 Castle Age
19:08 Horse Collar
21:29 Bow Saw
23:07 Heavy Plow
23:50 Wheelbarrow
25:19 Hand Cart
29:19 Town Watch
30:18 Gold Mining
30:18 Stone Mining
34:06 Imperial Age
31:29 Fletching
31:54 Thumb Ring
32:43 Bloodlines
32:33 Husbandry
32:31 Bodkin Arrow
32:50 Padded Archer Armor
33:13 Ballistics
33:40 Coinage
34:51 Gold Shaft Mining
34:51 Stone Shaft Mining
33:51 Light Cavalry
34:51 Bracer
36:13 Chemistry
35:59 Conscription
35:56 Leather Archer Armor
35:55 Masonry
36:20 Scale Barding Armor
36:25 Forging
36:52 Elite Camel Archer
38:16 Banking
37:12 Hussar
40:13 Ring Archer Armor
40:04 Chain Barding Armor
40:20 Iron Casting
42:11 Caravan
42:39 Maghrebi Camels
42:40 Kasbah
45:17 Blast Furnace
44:53 Plate Barding Armor
I still love Koreans
8:13 Loom
10:21 Feudal Age
14:43 Castle Age
13:08 Double-Bit Axe
14:14 Horse Collar
19:57 Wheelbarrow
23:43 Bow Saw
25:14 Fletching
25:11 Town Watch
27:40 Hand Cart
28:56 Ballistics
29:07 Bodkin Arrow
29:30 Heavy Plow
31:37 Husbandry
34:58 Imperial Age
33:00 Gold Mining
33:01 Stone Mining
33:21 Thumb Ring
34:29 Gold Shaft Mining
34:18 Masonry
34:22 Eupseong
35:50 Arrowslits
37:07 Chemistry
36:37 Architecture
37:28 Two-Man Saw
37:31 Conscription
37:50 Stone Shaft Mining
37:49 Siege Engineers
37:14 Elite War Wagon
38:42 Treadmill Crane
41:36 Town Patrol
43:53 Caravan
44:24 Coinage
45:08 Murder Holes
Connection lost

Rejoining the realm…

Still unreachable

The connection could not be restored.

Session expired

The server has moved on; the page needs a fresh start.